 Dungeon Crawl Stone Soup version 0.23-a0-386-g9c9d49f (webtiles) character file.

1320 Firecrotchwizard the Blocker (level 8, -15/74 HPs)
             Began as a Deep Dwarf Fighter on Oct 28, 2018.
             Was an Initiate of Makhleb.
             Demolished by an orc warrior
             ... wielding a +0 dire flail
              (17 damage)
             ... on level 5 of the Dungeon.
             The game lasted 00:10:10 (5341 turns).

Firecrotchwizard the Blocker (Deep Dwarf Fighter)   Turns: 5341, Time: 00:10:10

Health: -15/74     AC:  6    Str: 22    XL:     8   Next: 33%
Magic:  0/0        EV:  8    Int:  9    God:    Makhleb [......]
Gold:   313        SH: 11    Dex: 12    Spells: 7/7 levels left

rFire    . . .     SeeInvis +   a - +1 war axe
rCold    . . .     Gourm    .   c - +0 shield
rNeg     . . .     Faith    .   b - +0 scale mail
rPois    .         Spirit   .   (no helmet)
rElec    .         Reflect  .   (no cloak)
rCorr    .         Harm     .   (no gloves)
MR       +....                  (no boots)
Stlth    ..........             (no amulet)
HPRegen  0.00/turn              q - ring of see invisible {sInv, !d}
MPRegen  0.07/turn              (no ring)

@: non-regenerating
A: damage resistance, heal wounds, sense surroundings 1, no regeneration
a: Heal Wounds, Renounce Religion


You were on level 5 of the Dungeon.
You worshipped Makhleb.
Makhleb was noncommittal.
You were not hungry.

You visited 2 branches of the dungeon, and saw 7 of its levels.

You collected 313 gold pieces.

Inventory:

Hand Weapons
 a - a +1 war axe (weapon)
Armour
 b - a +0 scale mail (worn)
 c - a +0 shield (worn)
 u - the +1 ring mail "Vankaac" {*Corrode rElec rPois Dex+3}
   (You found it on level 5 of the Dungeon)

   It affects your dexterity (+3).
   It insulates you from electricity.
   It protects you from poison.
   It may corrode you when you take damage.
Jewellery
 q - a ring of see invisible (left hand) {sInv, !d}
   (You found it on level 4 of the Dungeon)
Wands
 i - a wand of iceblast (4)
   (You took it off a crimson imp on level 5 of the Dungeon)
Scrolls
 e - 2 scrolls of fog
 g - a scroll of noise {!r}
 h - 3 scrolls of remove curse
 k - 3 scrolls of magic mapping {!r}
 m - 3 scrolls of identify
 o - 2 scrolls of amnesia
 v - a scroll of teleportation
Potions
 d - a potion of flight {unknown}
 j - a potion of cancellation {unknown}
 l - 2 potions of mutation {unknown}
 n - 2 potions of curing {unknown}
 p - a potion of agility {unknown}
 r - a potion of heal wounds {unknown}
 s - a potion of invisibility {unknown}
 t - a potion of might
 w - a potion of berserk rage {unknown}
Comestibles
 f - 9 rations
 x - 7 chunks of flesh {@w0}


   Skills:
 + Level 5.3 Fighting
 + Level 5.9 Axes
 - Level 3.2 Armour
 * Level 8.6 Shields


You had 7 spell levels left.
You didn't know any spells.
Your spell library was empty.

Dungeon Overview and Level Annotations

Branches:
Dungeon (6/15)             Temple (1/1) D:4

Altars:
Elyvilon
Fedhas
Hepliaklqana
Kikubaaqudgha
Makhleb
Okawaru
Qazlal
Wu Jian
Xom
Yredelemnul
Zin
The Shining One

Shops:
D:4 [


Innate Abilities, Weirdness & Mutations

You are resistant to damage.
You can heal yourself by infusing magical energy.
You passively map a small area around you.
You do not regenerate.


Message History

The orc is too close now for your liking.
You block the orc's attack.
You hit the orc but do no damage. You block the orc's attack.
You barely miss the orc. You block the orc's attack.
You slash the orc!
You kill the orc!
Makhleb accepts your kill.
Things that are here:
a +0 mace; a +0 leather armour There isn't anything to butcher here.
A worker ant comes into view.
The orc warrior shouts!
The worker ant twitches its antennae in your direction.
You hear a shout! x2
The giant cockroach barely misses you. The giant cockroach closely misses you.
Things that are here:
a +0 mace; a +0 leather armour The giant cockroach closely misses you.
You see here a robe.
The giant cockroach bites you but does no damage.
The giant cockroach bites you but does no damage.
You block the giant cockroach's attack.
A leopard gecko skeleton comes into view.
The leopard gecko skeleton moves out of view.
You slash the giant cockroach!
You kill the giant cockroach!
Makhleb accepts your kill.
You block the leopard gecko skeleton's attack.
You slash the leopard gecko skeleton!
You destroy the leopard gecko skeleton!
Makhleb accepts your kill.
There is a stone staircase leading up here.
The orc warrior hits you with a +0 dire flail!
You climb upwards.
There is a stone staircase leading down here.
You take 10 damage, and have 54/74 hp.
You hit the orc warrior.
The orc warrior hits you with a +0 dire flail!
You take 13 damage, and have 41/74 hp.
You closely miss the orc warrior.
The orc warrior hits you with a +0 dire flail!!
* * * LOW HITPOINT WARNING * * *
You take 22 damage, and have 19/74 hp.
MASSIVE DAMAGE!!
You feel much better.
The orc warrior hits you with a +0 dire flail!
You regained 19 hp, and now have 38/74 hp.
You closely miss the orc warrior.
The orc warrior hits you with a +0 dire flail!!
* * * LOW HITPOINT WARNING * * *
You take 18 damage, and have 20/74 hp.
MASSIVE DAMAGE!!
Your magical essence is drained by the effort!
You feel much better.
The orc warrior hits you with a +0 dire flail!
You regained 3 hp, and now have 23/74 hp.
You now have 1/1 mp.
You hit the orc warrior.
The orc warrior hits you with a +0 dire flail.
You closely miss the orc warrior. You block the orc warrior's attack.
You hit the orc warrior.
The orc warrior hits you with a +0 dire flail.
You hit the orc warrior.
The orc warrior hits you with a +0 dire flail!!
* * * LOW HITPOINT WARNING * * *
You take 15 damage, and have 8/74 hp.
MASSIVE DAMAGE!!
You feel much better. You block the orc warrior's attack.
You regained 22 hp, and now have 30/74 hp.
You slash the orc warrior! You block the orc warrior's attack.
You closely miss the orc warrior.
The orc warrior hits you with a +0 dire flail!
* * * LOW HITPOINT WARNING * * *
You block the orc warrior's attack.
You take 15 damage, and have 15/74 hp.
MASSIVE DAMAGE!!
Your magical essence is drained by the effort!
You feel much better.
You regained 19 hp, and now have 34/74 hp.
You now have 0/0 mp.
You slash the orc warrior! You block the orc warrior's attack.
The orc warrior hits you with a +0 dire flail!
You take 8 damage, and have 26/74 hp.
You closely miss the orc warrior.
The orc warrior hits you with a +0 dire flail.
You barely miss the orc warrior.
The orc warrior hits you with a +0 dire flail!
* * * LOW HITPOINT WARNING * * *
You take 12 damage, and have 14/74 hp.
You hit the orc warrior but do no damage.
The orc warrior closely misses you.
You closely miss the orc warrior. You block the orc warrior's attack.
You completely miss the orc warrior.
The orc warrior hits you with a +0 dire flail!
* * * LOW HITPOINT WARNING * * *
You take 12 damage, and have 2/74 hp.
You barely miss the orc warrior.
The orc warrior hits you with a +0 dire flail!!
You die...

#..########.#.)..(#...##
#..##### #...##.###...#
#......#####.####.#...##
#.........[#.#####.#..#
#.........[(....####..#
#..........####.####..##
#........(..............
#.......o..####.####..##
#......@...# #.# #....
##..........####.#####...
#......................#.
#......<.................
#..#.########.##...#...##
#..#.## #....##.......#
#.....# #.#####.#.#..##
#.##..# #.#####.#.#..#
#.##..####............#


You could see an orc warrior.

Vanquished Creatures
  A water moccasin (D:5)
  An orc warrior (D:5)
  A phantom (D:5)
  2 ogres (D:5)
  2 centaurs
  A bullfrog (D:6)
  A water moccasin zombie (D:5)
  A crimson imp (D:5)
  3 hounds
  An orc priest (D:5)
  An orc wizard (D:5)
  A centaur skeleton (D:4)
  2 iguanas (D:5)
  Terence (D:2)
  Natasha (twice) (D:2)
  A worker ant (D:4)
  A hound zombie (D:5)
  A hound skeleton (D:4)
  4 gnolls (D:5)
  8 adders
  A shadow imp (D:5)
  A worm (D:4)
  2 dart slugs
  2 leopard geckos
  15 orcs
  7 bats
  6 giant cockroaches
  6 goblins
  4 hobgoblins
  2 jackals (D:3)
  A quokka (D:5)
  A ball python (D:2)
  4 frilled lizards
  7 kobolds
  2 leopard gecko skeletons
  5 rats
102 creatures vanquished.

Notes
Turn   | Place    | Note
-------+----------+-------------------------------------------
     0 | D:1      | Firecrotchwizard the Deep Dwarf Fighter began the quest for
                  | the Orb.
     0 | D:1      | Reached XP level 1. HP: 20/20 MP: 1/1
   398 | D:1      | Reached XP level 2. HP: 25/27 MP: 2/2
   702 | D:2      | Noticed a centaur
   704 | D:2      | Noticed Natasha
   731 | D:2      | Noticed a crimson imp
   731 | D:2      | HP: 6/27 [centaur (3)]
   738 | D:2      | Killed a centaur
   738 | D:2      | Reached skill level 3 in Fighting
   738 | D:2      | Reached skill level 3 in Axes
   738 | D:2      | Reached skill level 4 in Shields
   738 | D:2      | Reached XP level 3. HP: 29/34 MP: 2/2
   738 | D:2      | Reached XP level 4. HP: 36/42 MP: 3/3
   739 | D:2      | Killed Natasha
   739 | D:2      | Reached skill level 5 in Shields
   752 | D:2      | Noticed Natasha
   760 | D:2      | Killed Natasha
   760 | D:2      | Reached XP level 5. HP: 24/49 MP: 4/4
   822 | D:2      | Noticed Terence
   833 | D:2      | Killed Terence
  1085 | D:2      | Found a shimmering altar of Xom.
  2119 | D:4      | Reached XP level 6. HP: 51/57 MP: 5/5
  2134 | D:4      | Reached skill level 4 in Axes
  2477 | D:4      | Found Qauco's Antique Armour Emporium.
  2483 | D:4      | Reached skill level 6 in Shields
  2539 | D:4      | Reached skill level 4 in Fighting
  2678 | D:4      | Found a hazy altar of Hepliaklqana.
  2826 | D:4      | Found a staircase to the Ecumenical Temple.
  2833 | Temple   | Entered the Ecumenical Temple
  2846 | Temple   | Became a worshipper of Makhleb the Destroyer
  3063 | D:4      | Got a fabulously ornate robe
  3321 | D:5      | Entered Level 5 of the Dungeon
  3407 | D:5      | Noticed a water moccasin
  3424 | D:5      | Killed a water moccasin
  3424 | D:5      | Reached XP level 7. HP: 27/64 MP: 6/6
  3894 | D:5      | Got a shimmering ring mail
  3905 | D:5      | Identified the +1 ring mail "Vankaac" {*Corrode rElec rPois
                  | Dex+3} (You found it on level 5 of the Dungeon)
  3911 | D:5      | Reached skill level 7 in Shields
  4058 | D:5      | Reached skill level 5 in Axes
  4092 | D:5      | Found a basalt altar of Yredelemnul.
  4179 | D:5      | Reached XP level 8. HP: 48/73 MP: 5/5
  4193 | D:5      | Reached skill level 8 in Shields
  4448 | D:5      | Found a glowing silver altar of Zin.
  4448 | D:5      | Found a blossoming altar of Fedhas.
  4547 | D:5      | HP: 15/73 [ogre/+0 giant club (23)]
  4550 | D:5      | Reached skill level 5 in Fighting
  5001 | D:6      | Found an iron altar of Okawaru.
  5330 | D:5      | HP: 8/74 [orc warrior/+0 dire flail (15)]
  5337 | D:5      | HP: 14/74 [orc warrior/+0 dire flail (12)]
  5340 | D:5      | HP: 2/74 [orc warrior/+0 dire flail (12)]
  5341 | D:5      | Demolished by an orc warrior

Vault maps used:
D:1:      lightli_arrival_farm, minmay_misc_feat_secret_circle,
          kennysheep_decorative_pillar
D:2:      xom_teletrap_fun, first_ration, minmay_misc_feat_cross, uniq_terence,
          uniq_natasha
D:4:      kennysheep_mini, minmay_temple_entry_junction_2, serial_shops,
          shop_fountains, minmay_goblin_kobold_house
D:5:      cheibrodos_quashed, lemuel_crystal_altar,
          amethyst_overflow_temple_binary, dk_noncrumbling_3
D:6:      chequers_temple_overflow_minitemple, kennysheep_okawaru_gauntlet
Temple:   dshaligram_water_room_temple

Skill      XL: |  1  2  3  4  5  6  7  8 |
---------------+-------------------------+-----
Fighting       | 3 4 5 |  5.3
Axes           | 3 4 5 |  5.9
Shields        | 4 5 6 7 8 |  8.6
Armour         | |  3.2

Action                   |  1- 3 |  4- 6 |  7- 9 || total
-------------------------+-------+-------+-------++-------
Melee: War axe           |    59 |   182 |   144 ||   385
 Abil: Heal Wounds       |     1 |     3 |    15 ||    19
  Use: Scroll            |     6 |       |     3 ||     9
       Potion            |     1 |       |       ||     1
  Eat: Chunk             |       |     4 |     4 ||     8
       Ration            |       |     1 |     1 ||     2
Armor: Scale mail        |    23 |    64 |    28 ||   115
Dodge: Dodged            |    30 |    39 |    52 ||   121
Block: Shield            |    41 |   106 |    80 ||   227

Table legend:
 A = Non-vault XP
 B = Vault XP
 C = Vault XP percentage of total XP
 D = Non-vault monster count
 E = Vault monster count
 F = Vault count percentage of total count
                 A         B        C        D         E       F
            +---------+---------+-------+---------+---------+-------
      Total |    1814 |      73 |   3.9 |      99 |       3 |   2.9
            +---------+---------+-------+---------+---------+-------
        D:1 |      15 |       0 |   0.0 |      10 |       0 |   0.0
        D:2 |     205 |      71 |  25.7 |      18 |       2 |  10.0
        D:3 |      81 |       0 |   0.0 |      24 |       0 |   0.0
        D:4 |     153 |       2 |   1.3 |      10 |       1 |   9.1
        D:5 |    1204 |       0 |   0.0 |      29 |       0 |   0.0
        D:6 |     156 |       0 |   0.0 |       8 |       0 |   0.0
            +---------+---------+-------+---------+---------+-------

Vault maps used:
D:1:      lightli_arrival_farm, minmay_misc_feat_secret_circle,
          kennysheep_decorative_pillar
D:2:      xom_teletrap_fun, first_ration, minmay_misc_feat_cross, uniq_terence,
          uniq_natasha
D:4:      kennysheep_mini, minmay_temple_entry_junction_2, serial_shops,
          shop_fountains, minmay_goblin_kobold_house
D:5:      cheibrodos_quashed, lemuel_crystal_altar,
          amethyst_overflow_temple_binary, dk_noncrumbling_3
D:6:      chequers_temple_overflow_minitemple, kennysheep_okawaru_gauntlet
Temple:   dshaligram_water_room_temple

Table legend:
 A = Turns spent in this place as a percentage of turns spent in the entire game.
 B = Non-inter-level travel turns spent in this place as a percentage of non-inter-level travel turns spent in the entire game.
 C = Inter-level travel turns spent in this place as a percentage of turns spent in this place.
 D = Turns resting spent in this place as a percentage of non-inter-level travel turns spent in this place.
 E = Turns spent auto-exploring this place as a percentage of non-inter-level travel turns spent in this place.
 F = Non-inter-level travel turns spent in this place divided by the number of levels of this place that you've seen.
                   A       B       C       D       E      F
               +-------+-------+-------+-------+-------+----------------------
         Total | 100.0 | 100.0 |   2.5 |  25.7 |  53.0 | 743.9
       Dungeon |  99.6 |  99.7 |   2.4 |  25.7 |  53.0 | 865.5
        Temple |   0.4 |   0.3 |  39.1 |   0.0 |  57.1 |  14.0
               +-------+-------+-------+-------+-------+----------------------

Table legend:
 A = Kills in this place as a percentage of kills in entire the game.
 B = Kills by you in this place as a percentage of kills by you in the entire game.
 C = Kills by friends in this place as a percentage of kills by friends in the entire game.
 D = Other kills in this place as a percentage of other kills in the entire game.
 E = Experience gained in this place as a percentage of experience gained in the entire game.
 F = Experience gained in this place divided by the number of levels of this place that you have seen.
                   A       B       C       D       E      F
               +-------+-------+-------+-------+-------+----------------------
         Total | 100.0 | 100.0 |   N/A |   N/A | 100.0 | 269.6
       Dungeon | 100.0 | 100.0 |   N/A |   N/A | 100.0 | 314.5
               +-------+-------+-------+-------+-------+----------------------
